 Dungeon Crawl Stone Soup version 0.27.1-34-g3ba077fa99 (webtiles) character file.

Game seed: 15722178782144470131

39 copperbird31 the Gusty (level 3, -4/27 HPs)
             Began as a Draconian Air Elementalist on Jan 10, 2022.
             Slain by Terence (7 damage)
             ... on level 2 of the Dungeon.
             The game lasted 00:08:31 (1638 turns).

copperbird31 the Gusty (Draconian Air Elementalist) Turns: 1638, Time: 00:08:32

Health: -4/27      AC:  5    Str: 10    XL:     3   Next: 26%
Magic:  0/6        EV: 12    Int: 22    God:
Gold:   34         SH:  0    Dex: 11    Spells: 4/7 levels left

rFire    . . .     SeeInvis .   b - +0 short sword (freeze)
rCold    . . .     Faith    .   (no shield)
rNeg     . . .     Spirit   .   (armour unavailable)
rPois    .         Reflect  .   (helmet restricted)
rElec    .         Harm     .   (no cloak)
rCorr    .         Rampage  .   (no gloves)
Will     .....                  (no boots)
Stlth    ++........             (no amulet)
HPRegen  0.09/turn              g - +6 ring of intelligence
MPRegen  0.10/turn              (no ring)

@: no status effects
A: AC +5, unfitting armour, cold-blooded
a: no special abilities


You were on level 2 of the Dungeon.
You visited 1 branch of the dungeon, and saw 2 of its levels.

You collected 34 gold pieces.

Inventory:

Hand Weapons
 a - a +1 club
 b - a +0 short sword of freezing (weapon)
 c - a +0 short sword
 e - a +0 hunting sling
 f - a +0 dagger
 j - a +0 whip
Missiles
 d - 23 stones
 i - 6 poisoned darts
 k - 13 arrows
Armour
 h - a +0 robe
Jewellery
 g - a +6 ring of intelligence (left hand)


   Skills:
 + Level 0.4 Fighting
 + Level 0.2 Maces & Flails
 + Level 2.1 Dodging
 + Level 1.7 Stealth
 + Level 2.5 Spellcasting
 + Level 1.3 Conjurations
 + Level 3.4 Air Magic


You had 4 spell levels left.
You knew the following spells:

 Your Spells              Type           Power      Damage    Failure   Level
a - Shock                 Conj/Air       52%        1d6       4%          1
b - Static Discharge      Conj/Air       13%        N/A       8%          2

Your spell library contained the following spells:

 Spells                   Type           Power      Damage    Failure   Level
 Swiftness                Air            18%        N/A       10%         3
 Airstrike                Air            9%         N/A       30%         4


Dungeon Overview and Level Annotations

Branches:
Dungeon (2/15)

Altars:

Annotations:
D:2 Terence


Innate Abilities, Weirdness & Mutations

Your plain brown scales are hard. (AC +5)
You cannot fit into any form of body armour.
You are cold-blooded and may be slowed by cold attacks.


Message History

You are struck by an arc of lightning.
The lightning grounds out.
Terence misses you.
You see here 9 gold pieces.
Casting: Static Discharge (safe; 8% risk of failure)
Confirm with . or Enter, or press ? or * to list all spells.
You don't have enough magic to cast this spell.
Casting: Static Discharge (safe; 8% risk of failure)
Confirm with . or Enter, or press ? or * to list all spells.
Aiming: Shock (safe; 4% risk of failure)
Press: ? - help, Shift-Dir - straight line, f/p - Terence
Aim: Terence, wielding a +0 flail and wearing a +0 scale mail (severely wounded, 72% to hit)
The zap hits Terence.
Terence is severely wounded.
The zap hits the worm.
The worm is lightly wounded.
Terence hits you with a +0 flail!
* * * LOW HITPOINT WARNING * * *
A goblin comes into view. It is wielding a +0 dagger.
Casting: Shock (safe; 4% risk of failure)
Confirm with . or Enter, or press ? or * to list all spells.
Aiming: Shock (safe; 4% risk of failure)
Press: ? - help, Shift-Dir - straight line, f/p - Terence
Aim: Terence, wielding a +0 flail and wearing a +0 scale mail (severely wounded, 72% to hit)
The zap hits Terence.
Terence is almost dead.
The zap hits Terence but does no damage.
Terence is almost dead.
Terence closely misses you. Terence barely misses you.
Found 11 gold pieces.
Found a stone staircase leading up.
Casting: Shock (safe; 4% risk of failure)
Confirm with . or Enter, or press ? or * to list all spells.
Aiming: Shock (safe; 4% risk of failure)
Press: ? - help, Shift-Dir - straight line, f/p - Terence
Aim: Terence, wielding a +0 flail and wearing a +0 scale mail (almost dead, 72% to hit)
The zap hits Terence.
Terence is almost dead.
Terence hits you with a +0 flail!
You die...

#...$. #.....
##..g..####
.<.....#. ....... .#
#.##.##### .#
#........##.#
###.@##.....# .#
#@.##..##.# ...
.........##w.#.##
........#####......#
...... ######.###.#
.##...###......# #.#
......†?$......###.#
###...###.####.....#
### ##.##
###############
#...# #........


You could see Terence.

Vanquished Creatures
  2 dart slugs
  4 ball pythons (D:1)
  2 bats
  2 giant cockroaches
  4 hobgoblins (D:1)
  3 kobolds (D:1)
  3 quokkas
  8 frilled lizards
  4 goblins
  2 rats (D:1)
34 creatures vanquished.

Notes
Turn   | Place    | Note
-------+----------+-------------------------------------------
     0 | D:1      | copperbird31 the Draconian Air Elementalist began the quest
                  | for the Orb.
     0 | D:1      | Reached XP level 1. HP: 14/14 MP: 3/3
   147 | D:1      | Reached XP level 2. HP: 20/20 MP: 0/5
  1005 | D:2      | Reached XP level 3. HP: 27/27 MP: 3/6
  1008 | D:2      | Learned a level 2 spell: Static Discharge
  1605 | D:2      | Noticed Terence
  1638 | D:2      | Slain by Terence

Illustrated notes

Levels and vault maps discovered:
D:1:      ebering_hopf_link, layout_rooms
D:2:      layout_loops_cross, uniq_jessica, uniq_terence

Skill      XL: |  1 |
---------------+----+-----
Dodging        | 2 |  2.1
Fighting       | |  0.4
Maces & Flails | |  0.2
Stealth        | |  1.7
Spellcasting   | |  2.5
Conjurations   | |  1.3
Air Magic      | |  3.4

Action                   || total
-------------------------++-------
Melee: Club              ||    33
       Tailslap          ||     3
       Unarmed           ||     1
       Short sword       ||     3
 Cast: Shock             ||    63
       Static Discharge  ||     2
  Use: Scroll            ||     3
Armor: Skin              ||    29
Dodge: Dodged            ||    64
